 Dungeon Crawl Stone Soup version 0.26-a0-466-g989023bd0d (webtiles) character file.

Game seed: 4512512393465679448

16 kae the Poker (level 2, 23/23 HPs)
             Began as a Demonspawn Gladiator on Aug 11, 2020.
             Quit the game on level 1 of the Dungeon.
             The game lasted 00:00:19 (401 turns).

kae the Poker (Demonspawn Gladiator)                 Turns: 401, Time: 00:00:20

Health: 23/23      AC:  4    Str: 14    XL:     2   Next: 37%
Magic:  2/2        EV: 12    Int:  9    God:
Gold:   29         SH:  0    Dex: 14    Spells: 1/1 levels left

rFire    . . .     SeeInvis .   a - +0 trident
rCold    . . .     Faith    .   (no shield)
rNeg     . . .     Spirit   .   b - +0 leather armour
rPois    .         Reflect  .   c - +0 helmet
rElec    .         Harm     .   (no cloak)
rCorr    .                      (no gloves)
MR       .....                  (no boots)
Stlth    +.........             (no amulet)
HPRegen  0.07/turn              (no ring)
MPRegen  0.08/turn              (no ring)

@: no status effects
A: talons 1
a: no special abilities


You were on level 1 of the Dungeon.
You visited 1 branch of the dungeon, and saw 1 of its levels.

You collected 29 gold pieces.

Inventory:

Hand Weapons
 a - a +0 trident (weapon)
Missiles
 d - 3 throwing nets (quivered)
Armour
 b - a +0 leather armour (worn)
 c - a +0 helmet (worn)
Jewellery
 g - an uncursed ring of magical power {unknown}
Scrolls
 f - a scroll of remove curse {unknown}
Potions
 e - a potion of brilliance {unknown}
 h - a potion of mutation {unknown}


   Skills:
 + Level 2.3 Fighting
 * Level 3.2 Polearms
 - Level 1.7 Throwing
 - Level 2.6 Dodging


You had one spell level left.
You didn't know any spells.
Your spell library was empty.

Dungeon Overview and Level Annotations

Branches:
Dungeon (1/15)

Altars:


Innate Abilities, Weirdness & Mutations

You have sharp toenails.


Message History

The leopard gecko closely misses you. The leopard gecko barely misses you.
You closely miss the leopard gecko. Your kick misses the leopard gecko.
The leopard gecko is heavily wounded.
The leopard gecko misses you.
You closely miss the leopard gecko. Your kick misses the leopard gecko.
The leopard gecko is heavily wounded.
The leopard gecko closely misses you. The leopard gecko bites you.
A leopard gecko is nearby!
You closely miss the leopard gecko.
The leopard gecko is moderately wounded.
The leopard gecko barely misses you.
You puncture the leopard gecko!
You kill the leopard gecko!
Key pressed, stopping explore.
No target in view!
No target in view!
Things that are here:
a +0 dagger; a kobold corpse
Found a stone staircase leading down.
Are you sure you want to abandon this character and quit the game? (Confirm with "yes".)

.....##.....# #.# #.#
####.######.## #.#
#.# .............#
#.# #.#
........)..#.## .#
........)).#..# .#
...........##.###.###
..[.................#
...........#......#.#
...........#....@.#
...........#......#
...........####.#.#
...........# #...#
############ ##.?#
..# #.# >#


There were no monsters in sight!

Vanquished Creatures
  A dart slug (D:1)
  A leopard gecko (D:1)
  A goblin (D:1)
  4 hobgoblins (D:1)
  3 kobolds (D:1)
  2 rats (D:1)
12 creatures vanquished.

Notes
Turn   | Place    | Note
-------+----------+-------------------------------------------
     0 | D:1      | kae the Demonspawn Gladiator began the quest for the Orb.
     0 | D:1      | Reached XP level 1. HP: 16/16 MP: 1/1
    62 | D:1      | Reached skill level 3 in Polearms
    69 | D:1      | Gained mutation: You have sharp toenails. [demonic
                  | ancestry]
    69 | D:1      | Reached XP level 2. HP: 14/22 MP: 2/2
   401 | D:1      | Quit the game

Illustrated notes

Levels and vault maps discovered:
D:1:      shiori_arrival_maze, layout_basic

Skill      XL: |  1 |
---------------+----+-----
Polearms       | 3 |  3.2
Fighting       | |  2.3
Throwing       | |  1.7
Dodging        | |  2.6

Action                   || total
-------------------------++-------
Melee: Trident           ||    37
       Kick              ||     2
  Use: Scroll            ||     1
 Stab: Sleeping          ||     2
Armor: Leather armour    ||     8
Dodge: Dodged            ||    16

Table legend: (Time is in decaauts)
 A = Elapsed time spent in this place.
 B = Non-inter-level travel time spent in this place.
 C = Inter-level travel time spent in this place.
 D = Time resting spent in this place.
 E = Time spent auto-exploring this place.
 F = Levels seen in this place.
 G = Mean time per level.
                   A        B        C        D        E       F      G
               +--------+--------+--------+--------+--------+-----+--------+
         Total |    406 |    406 |      0 |      0 |    331 |   1 |  406.0 |
       Dungeon |    406 |    406 |      0 |      0 |    331 |   1 |  406.0 |
               +--------+--------+--------+--------+--------+-----+--------+

Top non-repeatable levels by time:
     D:1: 406 daAuts
